 Dungeon Crawl Stone Soup version 0.32-a0-732-ga344392067 (webtiles) character file.

Game seed: 17002280106581863230

66 gimp the Charlatan (level 4, -1/33 HPs)
             Began as a Coglin Wanderer on Mar 16, 2024.
             Slain by an orc wizard
             ... wielding a +0 dagger
              (3 damage)
             ... on level 2 of the Dungeon.
             The game lasted 00:01:48 (1220 turns).

gimp the Charlatan (Coglin Wanderer)                Turns: 1220, Time: 00:01:48

Health: -1/33      AC:  3    Str: 11    XL:     4   Next: 15%
Magic:  5/5        EV:  9    Int:  8    God:
Gold:   40         SH:  0    Dex: 20    Spells: 5/5 levels left

rFire   . . .        a - +0 sling {Fernando}
rCold   . . .        g - -2 sling {Qiuyue}
rNeg    . . .        f - +0 leather armour
rPois   .            (no helmet)
rElec   .            (no cloak)
rCorr   .            (no gloves)
SInv    .            (no boots)
Will    .....        (amulet unavailable)
Stlth   +            (ring unavailable)
HPRegen 0.25/turn    (ring unavailable)
MPRegen 0.09/turn    (no gizmo)

%: no passive effects
@: no status effects
A: off-hand wielding, slow wielding, warmup strikes, no jewellery
a: Invent Gizmo


You were on level 2 of the Dungeon.
You visited 1 branch of the dungeon, and saw 2 of its levels.

You collected 40 gold pieces.

Inventory:

Hand Weapons
 a - a +0 sling (weapon) {Fernando}
 d - a +0 dagger {Sukanya}
 g - a -2 sling (offhand) {Qiuyue}
Missiles
 c - 10 poisoned darts
 p - 2 throwing nets
Armour
 f - a +0 leather armour (worn)
 k - a +0 pair of gloves
Wands
 b - a wand of light (2)
Scrolls
 i - a scroll of immolation {unknown}
 j - 2 scrolls of identify {unknown}
 l - a scroll of amnesia {unknown}
 m - a scroll of vulnerability {unknown}
 n - a scroll of poison {unknown}
 o - a scroll of teleportation {unknown}
Potions
 e - a potion of attraction
 h - a potion of might {unknown}


   Skills:
 + Level 1.9 Fighting
 * Level 2.9 Ranged Weapons
 - Level 2.6 Throwing
 - Level 1.0 Spellcasting
 - Level 6.6 Evocations


You had 5 spell levels left.
You didn't know any spells.
Your spell library contained the following spells:

 Spells                   Type           Power      Damage    Failure   Level
 Gell's Gravitas          Tloc           0%         N/A       83%         3
 Teleport Other           Tloc           0%         N/A       83%         3
 Dispersal                Tloc           0%         N/A       100%        6


Dungeon Overview and Level Annotations

Branches:
Dungeon (2/15)

Altars:


Innate Abilities, Weirdness & Mutations

You can wield a second weapon in your off-hand.
It takes a long time for you to wield or remove held weapons.
Your first few attacks do less damage.
You cannot equip rings or amulets.


Message History

The sling bullet closely misses the orc.
The sling bullet barely misses the orc.
You shoot a sling bullet. The sling bullet barely misses the orc.
The sling bullet hits the orc but does no damage.
The orc hits you with a +0 dagger. The orc hits you but does no damage.
You shoot a sling bullet.
The sling bullet closely misses the orc.
The sling bullet hits the orc but does no damage.
You shoot a sling bullet.
The sling bullet hits the orc but does no damage.
The orc is severely wounded.
The orc hits you with a +0 dagger.
You take 4 damage, and have 27/33 hp.
You shoot a sling bullet.
The sling bullet closely misses the orc.
The sling bullet barely misses the orc.
The sling bullet hits the orc wizard.
The orc wizard is moderately wounded.
You shoot a sling bullet. The sling bullet hits the orc.
The orc is almost dead.
The orc hits you with a +0 dagger.
The orc wizard gestures wildly while chanting.
The orc wizard flickers and vanishes!
Deactivating autopickup; reactivate with Ctrl-A.
You take 2 damage, and have 25/33 hp.
You shoot a sling bullet. The sling bullet hits the orc.
You kill the orc!
You shoot a sling bullet. The sling bullet hits the orc.
The orc is lightly wounded.
You shoot a sling bullet. The sling bullet barely misses the orc.
You shoot a sling bullet. The sling bullet hits the orc.
The orc is heavily wounded.
The orc barely misses you.
You shoot a sling bullet.
The sling bullet hits the orc but does no damage.
The orc is heavily wounded.
You shoot a sling bullet.
The sling bullet hits the orc but does no damage.
The orc is heavily wounded.
The orc hits you with a +0 short sword. The orc barely misses you.
You take 3 damage, and have 23/33 hp.
You shoot a sling bullet.
The sling bullet hits the orc but does no damage.
The orc is heavily wounded.
You shoot a sling bullet.
The sling bullet hits the orc but does no damage.
The orc is heavily wounded.
The orc closely misses you.
You shoot a sling bullet.
The sling bullet hits the orc but does no damage.
The orc is heavily wounded.
You shoot a sling bullet.
The sling bullet closely misses the orc. x2
The orc hits you with a +0 short sword.
You take 2 damage, and have 22/33 hp.
You shoot a sling bullet.
The sling bullet closely misses the orc. x2
You shoot a sling bullet.
The sling bullet hits the orc but does no damage.
The orc is heavily wounded.
The orc completely misses you. The orc closely misses you.
You shoot a sling bullet.
The sling bullet hits the orc but does no damage.
The orc is heavily wounded.
You shoot a sling bullet. The sling bullet hits the orc.
The orc is almost dead.
The orc barely misses you.
You shoot a sling bullet. The sling bullet hits the orc!
You kill the orc!
You shoot a sling bullet.
The sling bullet hits the orc but does no damage.
You shoot a sling bullet. The sling bullet hits the orc!
You kill the orc!
You shoot a sling bullet. Something hits you but does no damage.
Something hits you.
You take 2 damage, and have 21/33 hp.
No target in view!
No target in view!
No target in view!
You shoot a sling bullet. x2; Something hits you but does no damage.
You shoot a sling bullet. x2; Something hits you.
You take 1 damage, and have 20/33 hp.
You shoot a sling bullet. x2; Something hits you.
You take 3 damage, and have 17/33 hp.
You shoot a sling bullet. x2; Something hits you but does no damage. x2
You shoot a sling bullet. x2; Something hits you.
You shoot a sling bullet. x2; Something hits you.
You take 3 damage, and have 14/33 hp.
You shoot a sling bullet. x2; Something hits you. x2
* * * LOW HITPOINT WARNING * * *
You take 5 damage, and have 9/33 hp.
You shoot a sling bullet. x2; Something hits you.
* * * LOW HITPOINT WARNING * * *
You take 2 damage, and have 7/33 hp.
You shoot a sling bullet. x2; Something hits you.
* * * LOW HITPOINT WARNING * * *
You take 2 damage, and have 5/33 hp.
You shoot a sling bullet. x2; Something hits you.
* * * LOW HITPOINT WARNING * * *
Something hits you.
You die...

............. ....
#####.####### ..#
#####.# #$# ...##.#
###.#####
##.##.##########.......#
......##...............#
##.#####.......#)#####.#
#.#####.......#)# ..
#.............#@# ##
#######.......#..# #
#.......#.## ##
#........## ..
#########.# #. ... #.#
#.#


There were no monsters in sight!

Vanquished Creatures
  2 adders (D:2)
  A dart slug (D:2)
  3 orcs (D:2)
  5 ball pythons
  2 endoplasms (D:1)
  2 giant cockroaches (D:2)
  2 goblins (D:2)
  4 hobgoblins
  3 quokkas
  2 bats (D:1)
  8 frilled lizards
  6 kobolds
  2 rats
42 creatures vanquished.

Notes
Turn   | Place    | Note
-------+----------+-------------------------------------------
     0 | D:1      | gimp the Coglin Wanderer began the quest for the Orb.
     0 | D:1      | gimp set off with the following items: a +0 sling
                  | {Fernando}, a wand of light (2), 10 poisoned darts, a +0
                  | dagger {Sukanya}, a potion of attraction, a +0 leather
                  | armour, a -2 sling {Qiuyue}.
     0 | D:1      | Reached XP level 1. HP: 13/13 MP: 2/2
    82 | D:1      | Reached XP level 2. HP: 20/20 MP: 3/3
   187 | D:1      | Reached skill level 1 in Fighting
   754 | D:2      | Reached XP level 3. HP: 12/26 MP: 4/4
  1140 | D:2      | Reached XP level 4. HP: 33/33 MP: 5/5
  1220 | D:2      | Slain by an orc wizard

Illustrated notes

Levels and vault maps discovered:
D:1:      shiori_arrival_oz, layout_loops_ring, minmay_lizard_pond
D:2:      layout_loops_cross, minmay_randomly_rotated_circles

Skill      XL: |  1  2 |
---------------+-------+-----
Fighting       | 1 |  1.9
Ranged Weapons | 2 |  2.9
Throwing       | |  2.6
Spellcasting   | |  1.0
Evocations     | |  6.6

Action                     |  1- 3 |  4- 6 || total
---------------------------+-------+-------++-------
   Fire: Sling             |   144 |    64 ||   208
 Armour: Leather armour    |    17 |    27 ||    44
  Dodge: Dodged            |    21 |     7 ||    28

Table legend: (Time is in decaauts)
 A = Elapsed time spent in this place.
 B = Non-inter-level travel time spent in this place.
 C = Inter-level travel time spent in this place.
 D = Time resting spent in this place.
 E = Time spent auto-exploring this place.
 F = Levels seen in this place.
 G = Mean time per level.
                   A        B        C        D        E       F      G
               +--------+--------+--------+--------+--------+-----+--------+
         Total |   1254 |   1214 |     40 |      0 |    990 |   2 |  627.0 |
       Dungeon |   1254 |   1214 |     40 |      0 |    990 |   2 |  627.0 |
               +--------+--------+--------+--------+--------+-----+--------+

Top non-repeatable levels by time:
     D:1: 691 daAuts
     D:2: 562 daAuts
